 Dungeon Crawl Stone Soup version 0.23.1 (webtiles) character file.

Game seed: 11887369011724819626

35508 Forgol the Swashbuckler (level 14, -1/90 HPs)
             Began as a Kobold Berserker on Mar 11, 2019.
             Was a High Priest of Trog.
             Killed from afar by a swamp dragon (3 damage)
             ... with a blast of poison
             ... on level 6 of the Lair of Beasts.
             The game lasted 00:46:06 (20632 turns).

Forgol the Swashbuckler (Kobold Berserker)         Turns: 20632, Time: 00:46:06

Health: -1/90      AC: 20    Str: 18    XL:     14   Next: 18%
Magic:  14/14      EV: 23    Int: 13    God:    Trog [*****.]
Gold:   531        SH:  0    Dex: 17    Spells: 13/13 levels left

rFire    . . .     SeeInvis .   w - +3 dagger (drain)
rCold    + . .     Gourm    .   (shield restricted)
rNeg     . . .     Faith    .   k - +3 leather armour {rC+}
rPois    .         Spirit   .   i - +2 helmet
rElec    .         Reflect  .   x - +1 cloak
rCorr    +         Harm     .   j - +1 pair of gloves "Rorourir" {MR+ Int+4 Dex+2}
MR       ++...                  (no boots)
Stlth    +++.......             F - amulet of the acrobat
HPRegen  0.25/turn              h - +5 ring of protection
MPRegen  0.14/turn              t - ring of resist corrosion

@: lethally poisoned (-1 -> -31), berserk cooldown, slowed, very slow
A: small, carnivore
a: Berserk, Trog's Hand, Brothers in Arms, Renounce Religion


You were on level 6 of the Lair of Beasts.
You worshipped Trog.
Trog was extremely pleased with you.
You were very full.

You visited 2 branches of the dungeon, and saw 15 of its levels.

You collected 787 gold pieces.
You spent 256 gold pieces at shops.

Inventory:

Hand Weapons
 e - a +4 triple crossbow of velocity
 m - a +0 antimagic dagger
 w - a +3 dagger of draining (weapon)
Missiles
 z - 18 tomahawks (quivered)
Armour
 i - a +2 helmet (worn)
 j - the +1 pair of gloves "Rorourir" (worn) {MR+ Int+4 Dex+2}
   (You bought it in a shop on level 4 of the Dungeon)

   It affects your intelligence (+4).
   It affects your dexterity (+2).
   It affects your resistance to hostile enchantments.
 k - a +3 leather armour of cold resistance (worn)
 x - a +1 cloak (worn)
 H - a +5 chain mail of poison resistance
Jewellery
 h - a +5 ring of protection (left hand)
 t - a ring of resist corrosion (right hand)
 y - an uncursed amulet of guardian spirit
 F - an amulet of the acrobat (around neck)
Wands
 b - a wand of iceblast (22)
 n - a wand of acid (27)
 o - a wand of paralysis (16)
 s - a wand of random effects (41)
 u - a wand of polymorph (10)
 B - a wand of disintegration (24)
 E - a wand of enslavement (8)
 I - a wand of digging (14)
Scrolls
 A - 3 scrolls of remove curse
 C - 3 scrolls of teleportation
 J - a scroll of identify
 L - 2 scrolls of fear
Potions
 a - 3 potions of flight
 d - a potion of invisibility
 f - a potion of resistance
 g - 5 potions of lignification
 l - a potion of mutation {unknown}
 p - 2 potions of haste
 q - 3 potions of brilliance
 r - 3 potions of curing
 v - a potion of agility
 D - 2 potions of magic
 G - a potion of might
Comestibles
 c - 46 rations
 K - 3 chunks of flesh


   Skills:
 + Level 11.1 Fighting
 * Level 17.0 Short Blades
 * Level 8.1 Armour
 + Level 11.7 Dodging
 + Level 13.2 Stealth


You had 13 spell levels left.
You didn't know any spells.
Your spell library was empty.

Dungeon Overview and Level Annotations

Branches:
Dungeon (9/15)             Temple (0/1) D:7            Lair (6/6) D:9
 Shoals (0/4) Lair:2        Snake (0/4) Lair:4        Slime (0/5) Lair:5
    Orc: D:9-12

Altars:
Cheibriados
Hepliaklqana
Ru
Sif Muna
Trog
Uskayaw
Vehumet
Wu Jian
Xom
Zin
The Shining One
Jiyva

Shops:
D:4 [

Annotations:
D:7 2 transporters, M4edhros's ghost, novice OpAr


Innate Abilities, Weirdness & Mutations

You are small and have problems with some larger weapons.
You are carnivorous and can eat meat at any time.


Message History

You are engulfed in poison gas.
You are lethally poisoned!
* * * LOW HITPOINT WARNING * * *
x2 You feel sick.
You feel better.
You are engulfed in poison gas.
You are poisoned.
* * * LOW HITPOINT WARNING * * *
x2 You feel sick.
The swamp dragon completely misses you. The swamp dragon misses you.
The swamp dragon completely misses you. The swamp dragon barely misses you.
The swamp dragon closely misses you. The swamp dragon completely misses you.
Your unstable footing causes you to fumble your attack.
You are engulfed in poison gas.
You are more poisoned.
* * * LOW HITPOINT WARNING * * *
x2 You feel sick.
The swamp dragon breathes poison at you.
The blast of poison engulfs you.
You are more poisoned.
You die...

♣♣♣ ..♣ ♣.
♣♣♣.≈♣..≈
♣♣..≈≈.≈≈≈
♣♣..≈≈≈≈≈≈≈
♣♣.P@D○○≈≈≈≈
♣..†°§.○.≈..
♣≈.≈♣☼P$...$
♣.≈≈♣♣♣?!!?. ♣≈
♣≈≈≈≈♣♣?).)[ ♣♣.≈
♣♣[≈≈≈♣♣♣.♣♣♣P≈≈.
♣.....♣♣♣♣♣.≈≈≈.
♣♣
♣♣♣.P≈≈♣♣♣.≈≈..
♣.♣ ♣♣..≈≈.≈≈≈♣
♣♣..♣


You could see a swamp dragon.

Vanquished Creatures
  A fire dragon (Lair:6)
  A hydra (Lair:3)
  An ice dragon (Lair:4)
  A two-headed ogre (D:7)
  4 death yaks (Lair:2)
  Urug (Lair:1)
  Sonja (Lair:4)
  5 black mambas
  14 elephants (Lair:4)
  Maurice (D:8)
  8 spiny frogs
  3 rime drakes
  3 komodo dragons (Lair:5)
  A queen bee (Lair:2)
  A polar bear (Lair:4)
  Prince Ribbit (D:8)
  3 blink frogs (Lair:6)
  4 hippogriffs
  4 wyverns
  27 yaks
  Eustachio (D:4)
  A fire elemental (Lair:3)
  A steam dragon (Lair:6)
  2 basilisks
  Grum (D:8)
  4 hungry ghosts
  Menkaure (D:3)
  2 acid dragons (Lair:6)
  18 water moccasins
  Edmund (D:4)
  A swamp drake (Lair:6)
  5 porcupines
  3 orc warriors
  2 ice beasts
  4 sky beasts
  2 black bears
  2 phantoms
  7 necrophages
  3 ogres
  17 wolves
  5 centaurs
  8 crocodiles
  12 bullfrogs
  A scorpion (D:2)
  A water moccasin skeleton (D:6)
  A wyvern skeleton (D:9)
  25 killer bees (Lair:2)
  5 wights (D:6)
  A howler monkey (D:4)
  An electric eel (Lair:1)
  3 crimson imps
  A centaur zombie (D:4)
  2 jellies
  5 hounds
  2 orc priests (D:8)
  7 orc wizards
  A bullfrog skeleton (D:6)
  2 iguanas
  6 worker ants
  2 hound skeletons
  A worker ant zombie (D:9)
  4 gnolls (D:8)
  A howler monkey skeleton (D:9)
  17 adders
  A shadow imp (D:5)
  An ooze (D:5)
  2 adder zombies
  3 adder skeletons
  A worm (D:2)
  A dart slug (D:1)
  5 leopard geckos
  29 orcs
  9 bats
  8 giant cockroaches
  7 goblins
  9 hobgoblins
  9 jackals
  4 kobolds
  5 quokkas
  6 frilled lizards
  A jackal skeleton (D:6)
  2 leopard gecko skeletons
  7 rats
387 creatures vanquished.

Vanquished Creatures (collateral kills)
  A hydra (Lair:1)
1 creature vanquished.

Vanquished Creatures (others)
  17 fungi
  15 plants
32 creatures vanquished.

Grand Total: 420 creatures vanquished

Notes
Turn   | Place    | Note
-------+----------+-------------------------------------------
     0 | D:1      | Forgol the Kobold Berserker began the quest for the Orb.
     0 | D:1      | Reached XP level 1. HP: 14/14 MP: 1/1
   955 | D:1      | Reached XP level 2. HP: 17/19 MP: 2/2
   998 | D:1      | Reached skill level 1 in Stealth
  1333 | D:1      | Reached XP level 3. HP: 23/23 MP: 3/3
  1740 | D:2      | Found a glowing silver altar of Zin.
  1779 | D:2      | Reached ** piety under Trog
  2019 | D:2      | Noticed a scorpion
  2032 | D:2      | Killed a scorpion
  2032 | D:2      | Reached skill level 5 in Short Blades
  2032 | D:2      | Reached XP level 4. HP: 29/29 MP: 4/4
  2092 | D:2      | Reached XP level 5. HP: 32/33 MP: 5/5
  3473 | D:4      | Found an ornate altar of the Wu Jian Council.
  3484 | D:4      | Noticed an ice beast
  3499 | D:4      | Killed an ice beast
  3499 | D:4      | Reached skill level 6 in Short Blades
  3499 | D:4      | Reached XP level 6. HP: 39/39 MP: 6/6
  3545 | D:4      | Found Bayn's Antique Armour Boutique.
  3788 | D:4      | Noticed Edmund
  3792 | D:4      | Noticed Eustachio
  3822 | D:4      | Killed Edmund
  3822 | D:4      | Reached skill level 7 in Short Blades
  3822 | D:4      | Reached XP level 7. HP: 19/44 MP: 7/7
  4163 | D:4      | Killed Eustachio
  4163 | D:4      | Reached skill level 5 in Fighting
  4194 | D:4      | Noticed Menkaure
  4357 | D:3      | Killed Menkaure
  4357 | D:3      | Reached skill level 8 in Short Blades
  4357 | D:3      | Reached skill level 5 in Dodging
  4357 | D:3      | Reached skill level 5 in Stealth
  4357 | D:3      | Reached XP level 8. HP: 35/49 MP: 8/8
  4665 | D:4      | Reached *** piety under Trog
  4992 | D:5      | Entered Level 5 of the Dungeon
  5063 | D:5      | Found the +8 Wrath of Trog {antimagic, *Rage}
  5145 | D:5      | Reached skill level 9 in Short Blades
  5352 | D:5      | Reached XP level 9. HP: 55/55 MP: 9/9
  6157 | D:6      | Reached skill level 10 in Short Blades
  7182 | D:7      | Noticed M4edhros's ghost (novice OpAr)
  7183 | D:7      | Found a transporter.
  7363 | D:7      | Reached **** piety under Trog
  7434 | D:7      | Reached skill level 11 in Short Blades
  7495 | D:7      | Found a shimmering altar of Xom.
  7495 | D:7      | Found a hide-covered altar of Uskayaw.
  7495 | D:7      | Found a deep blue altar of Sif Muna.
  7572 | D:7      | Found a radiant altar of Vehumet.
  7751 | D:7      | Reached XP level 10. HP: 60/63 MP: 10/10
  7909 | D:7      | Found a transporter.
  7935 | D:7      | Found a staircase to the Ecumenical Temple.
  7988 | D:7      | Found a glowing golden altar of the Shining One.
  7989 | D:7      | Found a snail-covered altar of Cheibriados.
  8569 | D:8      | Found a hazy altar of Hepliaklqana.
  8681 | D:8      | Noticed a two-headed ogre
  8692 | D:7      | Killed a two-headed ogre
  8692 | D:7      | Reached skill level 12 in Short Blades
  9018 | D:8      | Found a sacrificial altar of Ru.
  9022 | D:8      | Noticed Prince Ribbit
  9053 | D:8      | Killed Prince Ribbit
  9152 | D:8      | Noticed Grum
  9341 | D:4      | Bought a pair of polished gloves for 256 gold pieces
  9346 | D:4      | Identified the +1 pair of gloves "Rorourir" {MR+ Int+4
                  | Dex+2} (You bought it in a shop on level 4 of the Dungeon)
  9491 | D:8      | Noticed Maurice
  9496 | D:8      | Killed Maurice
  9857 | D:8      | Killed Grum
 10254 | D:9      | Found a bloodstained altar of Trog.
 10556 | D:9      | Found a staircase to the Lair.
 10629 | D:9      | Reached skill level 13 in Short Blades
 10725 | D:9      | Reached XP level 11. HP: 69/69 MP: 11/11
 10836 | D:9      | Reached skill level 10 in Stealth
 11596 | Lair:1   | Entered Level 1 of the Lair of Beasts
 11799 | Lair:1   | Noticed a four-headed hydra
 11822 | Lair:1   | Killed a four-headed hydra
 12077 | Lair:1   | Noticed Urug
 12083 | Lair:1   | Killed Urug
 12110 | Lair:1   | Found a bloodstained altar of Trog.
 12391 | Lair:1   | Got an ichor-stained falchion
 12392 | Lair:1   | Identified the +1 falchion "Poketyxke" {venom, rPois Str+4
                  | Dex-5} (You found it on level 1 of the Lair of Beasts)
 13027 | Lair:2   | Reached skill level 14 in Short Blades
 13070 | Lair:2   | Reached ***** piety under Trog
 13579 | Lair:2   | Found a staircase to the Shoals.
 13755 | Lair:2   | Noticed a death yak
 13755 | Lair:2   | Noticed a death yak
 13762 | Lair:2   | Noticed a death yak
 13773 | Lair:2   | Killed a death yak
 13773 | Lair:2   | Reached XP level 12. HP: 76/76 MP: 12/12
 13773 | Lair:2   | Noticed a death yak
 13790 | Lair:2   | Killed a death yak
 13824 | Lair:2   | Killed a death yak
 13856 | Lair:2   | Killed a death yak
 13856 | Lair:2   | Reached skill level 10 in Dodging
 14488 | Lair:3   | Reached skill level 5 in Armour
 14802 | Lair:3   | Noticed a four-headed hydra
 14809 | Lair:3   | Killed a four-headed hydra
 14809 | Lair:3   | Reached skill level 15 in Short Blades
 15411 | Lair:4   | Found a staircase to the Snake Pit.
 15602 | Lair:4   | Noticed Sonja
 15758 | Lair:4   | Reached skill level 10 in Fighting
 15954 | Lair:4   | Received a gift from Trog
 15982 | Lair:4   | Found a frozen archway.
 15983 | Lair:4   | Noticed an ice dragon
 15986 | Lair:4   | Reached XP level 13. HP: 68/82 MP: 10/13
 16050 | Lair:4   | Killed an ice dragon
 16888 | Lair:4   | Reached skill level 16 in Short Blades
 17868 | Lair:4   | Killed Sonja
 18061 | Lair:5   | Found a viscous altar of Jiyva.
 18063 | Lair:5   | Found a staircase to the Slime Pits.
 18983 | Lair:6   | Entered Level 6 of the Lair of Beasts
 19573 | Lair:5   | Reached XP level 14. HP: 41/88 MP: 14/14
 20604 | Lair:6   | Reached skill level 17 in Short Blades
 20631 | Lair:6   | HP: 4/90 [poisoned by a swamp dragon (poison gas)]
 20632 | Lair:6   | Killed from afar by a swamp dragon

Skill      XL: |  1  2  3  4  5  6  7  8  9 10 11 12 13 14 |
---------------+-------------------------------------------+-----
Stealth        | 1 2 3 4 5 6 8 9 10 12 13 | 13.2
Dodging        | 3 4 5 6 7 8 9 10 11 | 11.7
Short Blades   | 5 6 7 8 9 11 13 14 15 16 17 | 17.0
Fighting       | 4 5 6 7 8 9 10 11 | 11.1
Armour         | 4 6 7 8 |  8.1

Action                   |  1- 3 |  4- 6 |  7- 9 | 10-12 | 13-15 || total
-------------------------+-------+-------+-------+-------+-------++-------
Melee: Short sword       |   121 |    47 |       |       |       ||   168
       Dagger            |       |   127 |   206 |  1313 |   842 ||  2488
       Rapier            |       |       |   210 |       |       ||   210
Invok: Berserk           |     3 |     4 |    11 |    12 |     7 ||    37
       Trog's Hand       |       |     1 |     1 |     3 |     3 ||     8
       Brothers in Arms  |       |       |       |     1 |       ||     1
  Use: Scroll            |     1 |     7 |     8 |     9 |     5 ||    30
       Potion            |       |     1 |       |     2 |     5 ||     8
 Stab: Invisible         |       |     2 |       |       |       ||     2
       Sleeping          |       |       |     9 |    17 |     6 ||    32
       Distracted        |       |       |     1 |     1 |     2 ||     4
       Paralysed         |       |       |       |     1 |       ||     1
  Eat: Chunk             |    14 |     8 |    26 |    45 |    23 ||   116
Armor: Leather armour    |     4 |       |    63 |   140 |   138 ||   345
       Scale mail        |    33 |    49 |     2 |       |       ||    84
       Chain mail        |       |       |       |   158 |    29 ||   187
Dodge: Dodged            |    68 |   103 |   250 |   944 |   840 ||  2205
